AoeStats
← SUGNUHC

Enclosed

506133269Analyzed
1v1 RM · 19d ago on Sep 12, 2026· 18m 27s· 2 players
Game mode
Random Map
Map size
Tiny (2 player)
Population
200
Speed
Normal
Resources
Standard
Victory
Conquest
Starting age
Dark Age
Ending age
Imperial Age
RankedLock teamsTeams togetherTeam positionsShared explorationLock speedFull tech treeHidden civsTurbo modeCheats
Victory
Defeat
🇧🇷 Huns · Brazil
646
+17
🇹🇷 Bohemians · Türkiye
670
-34
Dodes
0:27 Loom
10:36 Feudal Age
13:42 Bloodlines
16:49 Forging
17:27 Scale Barding Armor
SUGNUHC
5:35 Loom
10:51 Feudal Age
11:24 Double-Bit Axe
11:28 Horse Collar
14:41 Town Watch
17:11 Wheelbarrow
Connection lost

Rejoining the realm…

Still unreachable

The connection could not be restored.

Session expired

The server has moved on; the page needs a fresh start.